 Dungeon Crawl Stone Soup version 0.27-a0-972-gd1521fd518 (webtiles) character file.

Game seed: 4558584263722252260

46 robertstho the Skirmisher (level 3, -8/40 HPs)
             Began as an Octopode Berserker on Apr 13, 2021.
             Was a Follower of Trog.
             Mangled by a gnoll
             ... wielding a +0 flail
              (14 damage)
             ... on level 2 of the Dungeon.
             The game lasted 00:00:39 (450 turns).

robertstho the Skirmisher (Octopode Berserker)       Turns: 450, Time: 00:00:40

Health: -8/40      AC:  1    Str: 16    XL:     3   Next: 66%
Magic:  3/3        EV: 13    Int:  9    God:    Trog [*.....]
Gold:   63         SH:  0    Dex: 12    Spells: 2/2 levels left

rFire    . . .     SeeInvis .   a - +0 falchion
rCold    . . .     Faith    .   (no shield)
rNeg     . . .     Spirit   .   (helmet restricted)
rPois    .         Reflect  .   (no amulet)
rElec    .         Harm     .   (no ring)
rCorr    .         Rampage  .   (no ring)
Will     .....                  (no ring)
Stlth    ..........             (no ring)
HPRegen  0.13/turn              (no ring)
MPRegen  0.08/turn              (no ring)
                                (no ring)
                                (no ring)

@: berserking (expiring), very quick
A: almost no armour, amphibious, 8 rings, camouflage 1, gelatinous body 1,
(nimble swimmer 1), tentacles
a: Renounce Religion, Berserk


You were on level 2 of the Dungeon.
You worshipped Trog.
Trog was aware of your devotion.
You visited 1 branch of the dungeon, and saw 2 of its levels.

You collected 63 gold pieces.

Inventory:

Hand Weapons
 a - a +0 falchion (weapon)
Scrolls
 b - a scroll of brand weapon {unknown}
 d - a scroll of teleportation {unknown}
Potions
 c - a potion of mutation {unknown}
 e - 2 potions of might {unknown}
 f - 2 potions of invisibility {unknown}


   Skills:
 * Level 3.7 Fighting
 + Level 3.4 Long Blades
 + Level 3.3 Dodging
 * Level 1.4 Stealth


You had 2 spell levels left.
You didn't know any spells.
Your spell library was empty.

Dungeon Overview and Level Annotations

Branches:
Dungeon (1/15)

Altars:


Innate Abilities, Weirdness & Mutations

You cannot wear most types of armour.
You are amphibious.
You can wear up to eight rings at the same time.
Your skin changes colour to match your surroundings (Stealth+).
Your rubbery body absorbs attacks. (AC +1, EV +1)
((You are camouflaged near water. (Stealth+)))
You have tentacles for arms and can constrict up to eight enemies at once.


Message History

You completely miss the gnoll. Your grab misses the gnoll.
You squeeze the gnoll.
The gnoll is moderately wounded.
A gnoll comes into view. It is wielding a +0 halberd.
You hit the gnoll. Your grab misses the gnoll.
The gnoll is heavily wounded.
The gnoll hits you with a +0 spear!
You are too injured to fight recklessly!
A red film seems to cover your vision as you go berserk!
You feel yourself moving faster!
You feel mighty! The gnoll closely misses you.
A gnoll comes into view. It is wielding a +0 flail.
You barely miss the gnoll. You grab the gnoll.
The gnoll is heavily wounded.
You constrict the gnoll. The gnoll hits you with a +0 spear.
You hit the gnoll.
You kill the gnoll!
Trog accepts your kill. The gnoll barely misses you.
The endoplasm jiggles.
Found a stone staircase leading down.
Things that are here:
a +0 spear; a gnoll corpse You feel a strong urge to attack something.
The gnoll hits you with a +0 halberd.
* * * LOW HITPOINT WARNING * * *
You see here a gold piece.
You closely miss the gnoll. Your grab misses the gnoll.
You barely miss the gnoll. Your grab misses the gnoll. The gnoll misses you.
You closely miss the gnoll. Your grab misses the gnoll. You squeeze the gnoll!
The gnoll is severely wounded.
The gnoll hits you with a +0 halberd.
* * * LOW HITPOINT WARNING * * *
You hit the gnoll.
You kill the gnoll!
Trog accepts your kill.
You slash the endoplasm!
You kill the endoplasm!
Trog accepts your kill. The gnoll hits you with a +0 flail!
You die...

#.....###....###.
#........#.#.....
#.....#.#.....##.
#...#......##... #$#
#.###†.†### #.#
#.#....## # ####### #.#
#...#.## #
.......###)###.###..####
..>...g@$)..............
####...###.#.##.#.#.####
#..... ...#.##....##
#.#...###.#.##...## #
##.# #.#.##..## #.#
#.##. ..#.##..# #.##.#
#.#### #.#.##..######
#.##.) ...).#
#.#.##...:...# #.##.#
#<##.# #.#.##.#####.#


You could see a gnoll.

Vanquished Creatures
  2 gnolls (D:2)
  An adder (D:2)
  A ball python (D:1)
  5 endoplasms
  2 giant cockroaches (D:2)
  A hobgoblin (D:1)
  A bat (D:1)
  3 frilled lizards
  A kobold (D:2)
  2 rats (D:2)
19 creatures vanquished.

Notes
Turn   | Place    | Note
-------+----------+-------------------------------------------
     0 | D:1      | robertstho the Octopode Berserker began the quest for the
                  | Orb.
     0 | D:1      | Reached XP level 1. HP: 16/16 MP: 1/1
   180 | D:1      | You fall into a shaft and drop 1 floor!
   260 | D:2      | Reached XP level 2. HP: 21/21 MP: 2/2
   300 | D:2      | Reached skill level 1 in Stealth
   422 | D:2      | Reached XP level 3. HP: 26/26 MP: 3/3
   450 | D:2      | Mangled by a gnoll

Illustrated notes

Levels and vault maps discovered:
D:1:      amcnicky_arrival_feature_with_door, layout_basic,
          hellmonk_ecumenical_altar_inner_sanctum, serial_bayou,
          serial_bayou_crossing, serial_bayou_ford_a, serial_bayou_shore_a,
          serial_bayou_shore_b
D:2:      minmay_wonky_spiral, layout_loops_ring, minmay_tetromino_l2

Skill      XL: |  1  2 |
---------------+-------+-----
Stealth        | 1 |  1.4
Fighting       | |  3.7
Long Blades    | |  3.4
Dodging        | |  3.3

Action                   || total
-------------------------++-------
Melee: Falchion          ||    33
       Tentacles         ||     6
       Constrict         ||     4
Invok: Berserk           ||     1
 Stab: Sleeping          ||     4
Armor: Skin              ||     1
Dodge: Dodged            ||    17
       Rpst.: Falchion   ||     5

Table legend: (Time is in decaauts)
 A = Elapsed time spent in this place.
 B = Non-inter-level travel time spent in this place.
 C = Inter-level travel time spent in this place.
 D = Time resting spent in this place.
 E = Time spent auto-exploring this place.
 F = Levels seen in this place.
 G = Mean time per level.
                   A        B        C        D        E       F      G
               +--------+--------+--------+--------+--------+-----+--------+
         Total |    450 |    450 |      0 |      0 |    357 |   2 |  225.0 |
       Dungeon |    450 |    450 |      0 |      0 |    357 |   2 |  225.0 |
               +--------+--------+--------+--------+--------+-----+--------+

Top non-repeatable levels by time:
     D:2: 269 daAuts
     D:1: 181 daAuts
